 Dungeon Crawl Stone Soup version 0.32-a0-779-g362cfcae2a (webtiles) character file.

Game seed: 6336445304785865962

586 croobank the Caller (level 7, -1/51 HPs)
             Began as a Human Summoner on Mar 19, 2024.
             Killed by divine providence
             ... invoked by an orc priest
              (10 damage)
             ... on level 4 of the Dungeon.
             The game lasted 00:14:30 (4551 turns).

croobank the Caller (Human Summoner)                Turns: 4551, Time: 00:14:30

Health: -1/51      AC:  6    Str:  8    XL:     7   Next: 37%
Magic:  7/12       EV: 12    Int: 17    God:
Gold:   148        SH:  0    Dex: 14    Spells: 3/13 levels left

rFire   + . .        b - +0 sling
rCold   + . .        (no shield)
rNeg    . . .        c - +0 robe
rPois   +            (no helmet)
rElec   +            (no cloak)
rCorr   +            (no gloves)
SInv    .            (no boots)
Will    .....        j - amulet of the acrobat
Stlth   +++          k - ring of flight
HPRegen 0.28/turn    o - +4 ring of protection
MPRegen 0.13/turn

%: acrobat
@: resistant, flying, invisible, inugami summoned
A: explore regen
a: no special abilities


You were on level 4 of the Dungeon.
You visited 1 branch of the dungeon, and saw 4 of its levels.
You also visited: Sewer.

You collected 148 gold pieces.

Inventory:

Hand Weapons
 a - a +0 dagger
 b - a +0 sling (weapon)
 d - a +2 antimagic hand axe
 g - a +0 short sword
 i - a +2 hand axe of draining
Missiles
 l - 42 poisoned darts
Armour
 c - a +0 robe (worn)
 e - a +0 ring mail
 p - a +0 tower shield
Jewellery
 j - an amulet of the acrobat (around neck)
 k - a ring of flight (left hand)
 o - a +4 ring of protection (right hand)
Wands
 n - a wand of flame (24)
Scrolls
 q - a scroll of poison
Potions
 f - a potion of might
 h - a potion of heal wounds {unknown}
 m - 2 potions of magic
 s - a potion of invisibility


   Skills:
 + Level 2.5 Fighting
 + Level 4.0 Dodging
 + Level 4.2 Stealth
 + Level 3.6 Spellcasting
 + Level 5.3 Summonings
 * Level 0.0 Fire Magic


You had 3 spell levels left.
You knew the following spells:

 Your Spells              Type           Power      Damage    Failure   Level
a - Summon Small Mammal   Summ           84%        N/A       1%          1
b - Call Imp              Summ           42%        N/A       2%          2
c - Call Canine Familiar  Summ           21%        N/A       5%          3
d - Summon Blazeheart Go  Fire/Summ      12%        N/A       47%         4

Your spell library contained the following spells:

 Spells                   Type           Power      Damage    Failure   Level
 Freeze                   Ice            12%        1d3       17%         1
 Slow                     Hex            12%        N/A       17%         1
 Ensorcelled Hibernation  Hex/Ice        6%         N/A       26%         2
 Confusing Touch          Hex            3%         N/A       45%         3
 Frozen Ramparts          Ice            6%         1d1       45%         3
 Hailstorm                Conj/Ice       3%         3d5       45%         3
 Passwall                 Erth           3%         N/A       45%         3
 Swiftness                Air            3%         N/A       45%         3
 Vampiric Draining        Necr           3%         2d6       45%         3
 Summon Lightning Spire   Summ/Air       12%        N/A       47%         4


Dungeon Overview and Level Annotations

Branches:
Dungeon (4/15)              Sewer (visited)
 Temple: D:4-7

Altars:

Shops:
D:1 =   D:4 *


Innate Abilities, Weirdness & Mutations

You regain HP and MP as you explore.


Message History

Your inugami closely misses the orc.
Your cerulean imp barely misses the orc.
What are your orders? t - Shout!
Orders for allies: a - Attack new target. p - Attack previous target. r - Retreat! s - Stop attacking. g - Guard the area. f - Follow me.
Anything else - Cancel.
Gang up on whom?
Press: ? - help, Dir - move target, f - orc priest, p - orc
Aim: an orc priest, wielding a +0 club and wearing a +0 ring mail Attack!
Your bat hits the orc but does no damage.
The orc priest calls upon Beogh to heal the orc.
The orc's wounds heal themselves!
The orc closely misses your cerulean imp.
Your inugami hits the orc.
Your cerulean imp misses the orc priest.
The orc priest invokes the aid of Beogh against you.
Beogh smites you!
* * * LOW HITPOINT WARNING * * *
The orc barely misses your cerulean imp.
Your bat closely misses the orc.
Your inugami closely misses the orc.
Your cerulean imp hits the orc priest but does no damage.
Okay, then.
Okay, then.
It was a potion of resistance.
You feel protected.
Your bat hits the orc but does no damage.
The orc hits your cerulean imp with a +0 club.
Your inugami hits the orc!
The orc dies!
Your cerulean imp hits the orc priest but does no damage.
Okay, then.
You fade into invisibility!
Your bat hits the orc.
The orc priest curses repeatedly.
The orc priest calls down the wrath of Beogh upon you.
Beogh smites you!
You die...

#....................#
........#.....#...:..#
.....####..)...<.....
.....#.......##.....
.....#.###...##.).. ##
................oo ..
..##.#......####b##.#
..##.#.##.......5h..#
..##.#.##.#.####@####
..# .#......# #.# ....
#......####.# ####
#...........#
#......###### #......#
########


You could see an orc priest (unable to see you, ally target), an orc (unable to
see you), a friendly cerulean imp (summoned), a friendly inugami (summoned) and
a friendly bat (summoned).

Vanquished Creatures
  A kobold brigand (Sewer)
  An orc priest (D:3)
  3 adders
  A dart slug (D:2)
  6 orcs
  11 ball pythons
  5 endoplasms
  3 giant cockroaches
  3 goblins
  7 hobgoblins
  5 jackals
  3 kobolds
  A quokka (D:4)
  6 bats
  6 frilled lizards
  4 rats
66 creatures vanquished.

Vanquished Creatures (collateral kills)
  3 kobold brigands (Sewer)
  A bombardier beetle (D:3)
  An orc wizard (D:3)
  A gnoll (D:1)
  4 adders (Sewer)
  3 river rats (Sewer)
  A dart slug (D:3)
  4 ribbon worms
  3 orcs
  6 ball pythons
  3 endoplasms
  3 giant cockroaches
  2 goblins
  2 hobgoblins (D:3)
  5 kobolds
  A quokka (D:2)
  3 frilled lizards
  3 rats
49 creatures vanquished.

Grand Total: 115 creatures vanquished

Notes
Turn   | Place    | Note
-------+----------+-------------------------------------------
     0 | D:1      | croobank the Human Summoner began the quest for the Orb.
     0 | D:1      | Reached XP level 1. HP: 13/13 MP: 3/3
    66 | D:1      | Found Uduugis's Jewellery Shoppe.
   440 | D:2      | Reached XP level 2. HP: 18/19 MP: 0/5
   530 | D:2      | Learned a level 2 spell: Call Imp
   779 | D:2      | Reached XP level 3. HP: 24/24 MP: 6/6
   783 | D:2      | Learned a level 3 spell: Call Canine Familiar
  1263 | D:1      | Reached XP level 4. HP: 22/30 MP: 1/7
  2287 | D:3      | Reached XP level 5. HP: 35/36 MP: 6/9
  2504 | D:3      | Reached skill level 1 in Fighting
  3338 | D:4      | Found Kunk's Assorted Antiques.
  3375 | D:4      | Found a glowing drain.
  3426 | D:4      | Reached XP level 6. HP: 30/43 MP: 6/10
  3436 | Sewer    | Entered a sewer
  3720 | Sewer    | Reached skill level 5 in Summonings
  4227 | Sewer    | Reached XP level 7. HP: 44/51 MP: 12/12
  4515 | D:4      | Learned a level 4 spell: Summon Blazeheart Golem
  4551 | D:4      | Killed from afar by an orc priest

Illustrated notes

Levels and vault maps discovered:
D:1:      lemuel_arrival_broad_hall, layout_basic, serial_shops, shop_statue,
          chequers_hall_statues_corner_a, chequers_jeans, bh_walls_and_bars
D:2:      layout_rooms, minmay_between
D:3:      layout_loops_corners
D:4:      layout_basic, nemelex_diamond_rough_becter,
          minmay_temple_entry_metal_lava,
          mainiacjoe_sewer_entry_somewhere_in_here_1, serial_shops, shop,
          minmay_misc_feat_four_crosses, uniq_natasha, uniq_crazy_yiuf_cottage

Skill      XL: |  1  2  3  4  5  6  7 |
---------------+----------------------+-----
Dodging        | 3 4 |  4.0
Stealth        | 3 4 |  4.2
Fighting       | 1 2 |  2.5
Spellcasting   | 3 |  3.6
Summonings     | 5 |  5.3

Action                     |  1- 3 |  4- 6 |  7- 9 || total
---------------------------+-------+-------+-------++-------
  Melee: Unarmed           |    19 |       |       ||    19
         Dagger            |     3 |   110 |       ||   113
         Short sword       |       |    38 |       ||    38
   Fire: Sling             |    82 |   123 |    34 ||   239
   Cast: Summon Small Mamm |    26 |     5 |     1 ||    32
         Call Imp          |     7 |    13 |     3 ||    23
         Call Canine Famil |     4 |    17 |     3 ||    24
    Use: Potion            |     1 |     1 |     2 ||     4
         Scroll            |       |     7 |     3 ||    10
   Stab: Sleeping          |       |     6 |       ||     6
         Distracted        |       |     1 |       ||     1
 Armour: Robe              |    58 |   111 |     8 ||   177
  Dodge: Dodged            |    82 |   169 |    18 ||   269

Table legend: (Time is in decaauts)
 A = Elapsed time spent in this place.
 B = Non-inter-level travel time spent in this place.
 C = Inter-level travel time spent in this place.
 D = Time resting spent in this place.
 E = Time spent auto-exploring this place.
 F = Levels seen in this place.
 G = Mean time per level.
                   A        B        C        D        E       F      G
               +--------+--------+--------+--------+--------+-----+--------+
         Total |   4645 |   4597 |     48 |    539 |   2659 |   5 |  929.0 |
       Dungeon |   3628 |   3580 |     48 |    527 |   2048 |   4 |  907.0 |
         Sewer |   1017 |   1017 |      0 |     12 |    611 |   1 | 1017.0 |
               +--------+--------+--------+--------+--------+-----+--------+

Top non-repeatable levels by time:
     D:3: 1388 daAuts
     D:2: 1049 daAuts
   Sewer: 1017 daAuts
     D:1: 948 daAuts
     D:4: 242 daAuts
